Map: Ulrena

Players

ILLBdA - Winner!

  • Race: Protoss Protoss
  • League: Diamond

LastResort

  • Race: Zerg Zerg
  • League: Master

VOD

Have the link to the VOD?

Description

Time

  • Played on: Dec. 24, 2015, 7:27 a.m.
  • Length: 10:55
Show
View Real Time Build Order
Export as new Build Order

ILLBdA Protoss - Winner!

Build Orders:  

Get SALT Encoding   

  12  0:01  Probe (Chrono Boost)  
  13  0:11  Probe (Chrono Boost)  
  14  0:17  Pylon  
  14  0:22  Probe (Chrono Boost)  
  16  0:35  Probe (Chrono Boost)  
  16  0:36  Forge  
  16  0:46  Probe (Chrono Boost)  
  17  0:56  Probe (Chrono Boost)  
  18  1:07  Probe (Chrono Boost)  
  18  1:10  Pylon  
  19  1:21  Probe (Chrono Boost)  
  20  1:34  Probe (Chrono Boost), Photon Cannon  
  20  1:37  Pylon  
  20  1:38  Pylon  
  21  1:44  Probe (Chrono Boost)  
  21  1:45  Gateway  
  22  1:56  Photon Cannon  
  22  2:03  Photon Cannon  
  22  2:16  Probe (Chrono Boost)  
  22  2:19  Assimilator  
  23  2:23  Assimilator  
  23  2:26  Probe (Chrono Boost)  
  23  2:28  Pylon  
  24  2:34  Zealot  
  24  2:37  Pylon  
  26  2:47  Cybernetics Core  
  26  2:55  Photon Cannon  
  25  3:03  Zealot (Chrono Boost)  
  27  3:07  Photon Cannon  
  27  3:10  Pylon  
  27  3:16  Probe (Chrono Boost)  
  28  3:23  Pylon  
  28  3:26  Warp Gate  
  28  3:30  Stalker (Chrono Boost)  
  30  3:38  Mothership Core  
  32  3:46  Pylon  
  32  3:50  Pylon  
  30  3:57  Stalker (Chrono Boost)  
  32  4:08  Gateway  
  32  4:10  Gateway  
  32  4:18  Stargate  
  32  4:22  Probe  
  33  4:30  Sentry (Chrono Boost)  
  35  4:38  Photon Cannon  
  35  4:41  Pylon  
  37  4:53  Sentry (Chrono Boost)  
  37  5:16  Void Ray (Chrono Boost)  
  41  5:36  Pylon  
  41  5:38  Pylon  
  41  5:41  Stalker x2  
  45  6:03  Void Ray (Chrono Boost)  
  49  6:05  Zealot x2  
  49  6:06  Zealot  
  55  6:25  Zealot x2  
  57  6:26  Zealot  
  61  6:39  Pylon  
  61  6:41  Oracle (Chrono Boost)  
  64  7:01  Adept x3  
  62  7:36  Pylon  
  50  7:38  Pylon, Void Ray  
  48  7:47  Mothership Core  
  49  8:00  Adept x3  
  55  8:20  Void Ray  
  55  8:25  Stalker  
  59  8:49  Zealot x2  
  61  9:05  Zealot  
  63  9:20  Zealot x2  
  61  9:43  Void Ray  
  61  9:44  Sentry  
  63  10:04  Zealot x2  
Show
View Real Time Build Order
Export as new Build Order

LastResort Zerg 

Build Orders: 3 Hatch before Pool 

Get SALT Encoding   

  12  0:01  Drone  
  13  0:12  Overlord  
  13  0:17  Drone  
  14  0:31  Drone x2  
  14  0:34  Drone  
  17  0:53  Hatchery  
  17  0:55  Drone  
  17  0:59  Drone  
  18  1:20  Hatchery  
  17  1:33  Spawning Pool  
  17  1:35  Extractor  
  17  1:39  Drone  
  16  1:41  Drone  
  18  2:24  Queen  
  18  2:26  Hatchery  
  20  2:59  Zergling x4  
  20  3:01  Lair  
  20  3:04  Hatchery, Overlord, Extractor  
  21  3:18  Roach Warren  
  17  4:01  Roach  
  17  4:02  Roach x4  
  27  4:29  Hatchery  
  26  4:52  Drone  
  25  4:53  Hatchery, Drone  
  25  5:02  Drone  
  28  5:21  Roach  
  28  5:22  Ravager x2  
  28  5:24  Overlord  
  28  5:27  Drone  
  31  5:29  Drone  
  32  5:41  Drone x3  
  33  6:07  Drone x2  
  33  6:08  Queen  
  39  6:14  Drone x3  
  40  6:24  Drone  
  40  6:25  Drone  
  42  6:28  Ravager  
  42  6:29  Ravager  
  42  6:31  Roach  
  42  6:32  Roach x3  
  52  6:35  Roach  
  52  6:39  Overlord  
  54  6:45  Queen  
  53  6:55  Overlord  
  53  7:00  Zergling x4  
  55  7:05  Spore Crawler x2  
  51  7:14  Zergling x8  
  51  7:15  Zergling x8  
  39  7:44  Zergling x10  
  36  7:45  Queen x2  
  39  7:57  Zergling x4  
  35  8:11  Extractor x2  
  28  8:21  Roach Warren  
  24  8:27  Queen  
  24  8:34  Spawning Pool  
  27  8:35  Lair  
  25  8:44  Roach  
  19  8:48  Zergling x2  
  19  8:49  Zergling x8  
  19  8:50  Zergling x4  
  19  8:51  Zergling x2  
  26  9:04  Drone x2  
  26  9:05  Drone  
  29  9:12  Drone  
  30  9:28  Queen  
  30  9:42  Spore Crawler  
  29  9:47  Queen  
  27  9:59  Zergling x2  
  27  10:05  Overlord x2  
  24  10:35  Drone, Roach  
  21  10:36  Roach  
Tags
 
Matchup
PvZ
Replay Pack
me
Add a new tag
Caveats
  • Supply blocks, unpowered buildings, or Contaminate may cause inaccurate times.
  • Supply counts are checked every 10 seconds.